 Dungeon Crawl Stone Soup version 0.18.1-6-gd335043 (webtiles) character file.

84 Implojin the Insei (level 4, -1/35 HPs)
             Began as a Mummy Monk on May 19, 2016.
             Slain by a hobgoblin
             ... wielding a +0 club
              (3 damage)
             ... on level 2 of the Dungeon.
             The game lasted 00:09:11 (3499 turns).

Implojin the Insei (Mummy Monk)                     Turns: 3499, Time: 00:09:11

Health: -1/35      AC:  0    Str: 14    XL:     4   Next: 23%
Magic:  4/4        EV: 13    Int:  9    God:
Gold:   120        SH:  0    Dex: 15    Spells: 0 memorised, 3 levels left

rFire  x . .     SeeInvis .       - Unarmed
rCold  + . .     Gourm    .     (no armour)
rNeg   + + +     Faith    .     (no shield)
rPois  ∞         Spirit   .     (no helmet)
rElec  .         Dismiss  .     (no cloak)
rCorr  .         Reflect  .     (no gloves)
SustAt .         Harm     .     (no boots)
MR     .....                    (no amulet)
Stlth  ++........               (no ring)
                                (no ring)

@: not resistant to hostile enchantments, unstealthy
A: no food or potions, fire vulnerability, cold resistance 1, negative energy
resistance 3, torment resistance, unbreathing
a: no special abilities


You were on level 2 of the Dungeon.
You were not hungry.

You visited 1 branch of the dungeon, and saw 2 of its levels.

You collected 120 gold pieces.

Inventory:

Scrolls
 a - a scroll of random uselessness
 b - a scroll of remove curse
 c - 2 scrolls of recharging
 h - a scroll of immolation
Comestibles
 g - 2 bread rations (quivered)


   Skills:
 - Level 3.0 Fighting
 - Level 2.4 Dodging
 - Level 1.5 Stealth
 * Level 4.8 Unarmed Combat


You had 3 spell levels left.
You didn't know any spells.

Dungeon Overview and Level Annotations

Branches:
Dungeon (2/15)

Altars:

Annotations:
D:1 !gnoll stairparked care
D:2 exclusion: upstairs


Innate Abilities, Weirdness & Mutations

You do not eat or drink.
Your flesh is vulnerable to fire.
You are immune to poison.
Your flesh is cold resistant.
You are immune to negative energy.
You are immune to unholy pain and torment.
You can survive without breathing.


Message History

You barely miss the adder. The adder completely misses you.
The adder closely misses you.
You hit the adder.
The adder is moderately wounded.
The adder closely misses you.
You closely miss the adder.
The adder is moderately wounded.
The adder closely misses you.
You closely miss the adder.
The adder is moderately wounded.
The adder bites you.
* * * LOW HITPOINT WARNING * * *
You hit the adder.
The adder is heavily wounded.
The adder bites you.
* * * LOW HITPOINT WARNING * * *
You hit the adder.
The adder is heavily wounded.
The adder completely misses you. The adder closely misses you.
You closely miss the adder.
The adder is heavily wounded.
The adder bites you.
* * * LOW HITPOINT WARNING * * *
You hit the adder.
The adder is severely wounded.
The adder misses you.
You hit the adder.
The adder is almost dead.
The adder closely misses you.
You hit the adder but do no damage.
The adder is almost dead.
The adder closely misses you.
You hit the adder.
You kill the adder!
The goblin closely misses you.
Unknown command.
The goblin misses you. The hobgoblin hits you with a club.
* * * LOW HITPOINT WARNING * * *
The hobgoblin hits you with a club.
You die...

#########
..#.....##
[........##
..........#########
..................#
..................#
.(................#
................@.#
...............gg.#
..................#
........###..######
.......#......#
###....#......#
##)#........#
#.###......#
#.##...#####


You could see a hobgoblin and a goblin.

Vanquished Creatures
  An adder (D:2)
  A gnoll (D:2)
  A shadow imp (D:1)
  2 worms
  5 dart slugs
  6 bats
  2 giant cockroaches (D:1)
  4 goblins
  5 hobgoblins
  6 kobolds
  3 giant newts
  6 rats
42 creatures vanquished.

Notes
Turn   | Place    | Note
--------------------------------------------------------------
     0 | D:1      | Implojin the Mummy Monk began the quest for the Orb.
     0 | D:1      | Reached XP level 1. HP: 18/18 MP: 1/1
   261 | D:1      | Reached XP level 2. HP: 8/24 MP: 2/2
  1402 | D:1      | Reached skill level 4 in Unarmed Combat
  1927 | D:1      | Reached XP level 3. HP: 20/29 MP: 3/3
  2404 | D:2      | Found a faded altar to an unknown god.
  2805 | D:1      | Reached XP level 4. HP: 29/35 MP: 4/4
  3499 | D:2      | Slain by a hobgoblin

Skill      XL: |  1  2 |
---------------+-------+-----
Unarmed Combat | 4 |  4.8
Fighting       | |  3.0
Dodging        | |  2.4
Stealth        | |  1.5

Action                   |  1- 3 |  4- 6 || total
-------------------------+-------+-------++-------
Melee: Unarmed           |   174 |    27 ||   201
       Punch             |     1 |       ||     1
  Use: Scroll            |     3 |     5 ||     8
 Stab: Sleeping          |     4 |       ||     4
       Distracted        |     1 |       ||     1
Dodge: Dodged            |   133 |    28 ||   161

Table legend:
 A = Turns spent in this place as a percentage of turns spent in the entire game.
 B = Non-inter-level travel turns spent in this place as a percentage of non-inter-level travel turns spent in the entire game.
 C = Inter-level travel turns spent in this place as a percentage of turns spent in this place.
 D = Turns resting spent in this place as a percentage of non-inter-level travel turns spent in this place.
 E = Turns spent auto-exploring this place as a percentage of non-inter-level travel turns spent in this place.
 F = Non-inter-level travel turns spent in this place divided by the number of levels of this place that you've seen.
                   A       B       C       D       E      F
               +-------+-------+-------+-------+-------+----------------------
         Total | 100.0 | 100.0 |   0.3 |   3.8 |   2.7 | 653.5
       Dungeon | 100.0 | 100.0 |   0.3 |   3.8 |   2.7 | 653.5
               +-------+-------+-------+-------+-------+----------------------

Table legend:
 A = Kills in this place as a percentage of kills in entire the game.
 B = Kills by you in this place as a percentage of kills by you in the entire game.
 C = Kills by friends in this place as a percentage of kills by friends in the entire game.
 D = Other kills in this place as a percentage of other kills in the entire game.
 E = Experience gained in this place as a percentage of experience gained in the entire game.
 F = Experience gained in this place divided by the number of levels of this place that you have seen.
                   A       B       C       D       E      F
               +-------+-------+-------+-------+-------+----------------------
         Total | 100.0 | 100.0 |  -nan |  -nan | 100.0 |  60.0
       Dungeon | 100.0 | 100.0 |  -nan |  -nan | 100.0 |  60.0
               +-------+-------+-------+-------+-------+----------------------
